 Dungeon Crawl Stone Soup version 0.29-a0-362-g5854e031c7 (webtiles) character file.

Game seed: 12097650116068491964

10972 dolemite99 the Severer (level 11, -2/104 HPs)
             Began as a Hill Orc Fighter on Apr 30, 2022.
             Was a Believer of Ashenzari.
             Slain by a wraith (3 damage)
             ... led by Josephine
             ... on level 10 of the Dungeon.
             The game lasted 00:20:30 (13012 turns).

dolemite99 the Severer (Hill Orc Fighter)          Turns: 13012, Time: 00:20:31

Health: -2/104     AC: 24    Str: 24    XL:     11   Next: 70%
Magic:  11/11      EV:  8    Int:  8    God:    Ashenzari [**....]
Gold:   573        SH:  4    Dex: 10    Spells: 10/10 levels left

rFire   . . .      SeeInvis +   a - +1 war axe (vamp)
rCold   . . .      Faith    .   c - +0 buckler "Eternal Together" {Alch, Self} (curse)
rNeg    . . .      Spirit   .   x - +3 chain mail of Ashenzari's Anxiety {Range, Evo} (curse)
rPois   .          Reflect  .   (no helmet)
rElec   .          Harm     .   (no cloak)
rCorr   .          Rampage  .   p - +2 pair of gloves "Share My Chagrin" {Comp, Evo} (curse)
Will    .....                   C - +1 pair of boots of the Unyielding Gaze {Bglg, Melee} (curse)
Stlth   ..........              m - amulet of magic regeneration
HPRegen 0.27/turn               w - +4 ring of protection {=R}
MPRegen 0.52/turn               (no ring)

@: lethally poisoned (-2 -> -13), slowed, studying Throwing, very slow
A: no striking features
a: Renounce Religion, Convert to Beogh, Shatter the Chains


You were on level 10 of the Dungeon.
You worshipped Ashenzari.
Ashenzari was pleased with you.
You visited 2 branches of the dungeon, and saw 11 of its levels.

You collected 573 gold pieces.

Inventory:

Hand Weapons
 a - a +1 vampiric war axe (weapon)
 b - a +0 hand crossbow
 d - a +0 whip of electrocution
 t - a +1 vorpal morningstar
 F - the +8 longbow "Zephyr" {speed, Dex+3 SInv}
   (You found it on level 6 of the Dungeon)

   Attacks with this weapon are significantly faster.
   Dex:       It affects your dexterity (+3).
   SInv:      It lets you see invisible.
 J - a +0 trident of protection
Missiles
 f - 21 poisoned darts (quivered)
 h - a javelin
 y - 18 boomerangs
Armour
 c - the cursed +0 buckler "Eternal Together" (worn) {Alch, Self}

   It has a curse which improves the following skills: Alchemy: Poison Magic and
   Transmutations.
   Introspection: Fighting and Spellcasting.
 p - the cursed +2 pair of gloves "Share My Chagrin" (worn) {Comp, Evo}
   (You found it on level 2 of the Dungeon)

   It has a curse which improves the following skills: Companions: Summonings
   and Necromancy.
   Evocations: Evocations.
 x - the cursed +3 chain mail of Ashenzari's Anxiety (worn) {Range, Evo}
   (You took it off an orc on level 4 of the Dungeon)

   It has a curse which improves the following skills: Ranged Combat: Slings,
   Bows, Crossbows and Throwing.
   Evocations: Evocations.
 C - the cursed +1 pair of boots of the Unyielding Gaze (worn) {Bglg, Melee}
   (You found it on level 5 of the Dungeon)

   It has a curse which improves the following skills: Beguiling: Conjurations,
   Hexes and Translocations.
   Melee Combat: Short Blades, Long Blades, Axes, Maces & Flails, Polearms,
   Staves and Unarmed Combat.
 G - the +3 ring mail of Greed {rC++}
   (You found it on level 7 of the Dungeon)

   rC:        It greatly protects you from cold.
Jewellery
 m - an amulet of magic regeneration (around neck)
 u - a ring of fire
 w - a +4 ring of protection (left hand) {=R}
 D - a ring of positive energy
 I - a ring of see invisible
Wands
 j - a wand of polymorph (10)
Scrolls
 g - 4 scrolls of teleportation
 o - 2 scrolls of torment
 v - a scroll of magic mapping
 E - a scroll of amnesia
Potions
 e - 5 potions of flight
 i - a potion of lignification
 k - a potion of attraction
 l - 4 potions of brilliance
 n - a potion of magic
 r - a potion of resistance
 z - 2 potions of mutation
 H - a potion of haste


   Skills:
 - Level 10.5(11.7) Fighting
 - Level 15.9(17.0) Axes
 + Level 4.2(5.4) Crossbows
 - Level 10.7 Armour
 - Level 4.0 Shields


You had 10 spell levels left.
You didn't know any spells.
Your spell library contained the following spells:

 Spells                   Type           Power      Damage    Failure   Level
 Magic Dart               Conj           0%         1d3       95%         1
 Call Imp                 Summ           0%         N/A       99%         2
 Searing Ray              Conj           0%         2d4       99%         2
 Mephitic Cloud           Conj/Pois/Air  0%         N/A       100%        3
 Fulminant Prism          Conj/Hex       0%         3d6       100%        4
 Passage of Golubria      Tloc           0%         N/A       100%        4
 Fireball                 Conj/Fire      0%         3d3       100%        5
 Iskenderun's Battlesphe  Conj           0%         2d6       100%        5
 Silence                  Hex/Air        0%         N/A       100%        5
 Conjure Ball Lightning   Conj/Air       0%         3x3d6     100%        6
 Orb of Destruction       Conj           0%         9d5       100%        7
 Lehudib's Crystal Spear  Conj/Erth      0%         10d2      100%        8


Dungeon Overview and Level Annotations

Branches:
Dungeon (10/15)            Temple (1/1) D:6            Lair (0/6) D:9
    Orc: D:9-12

Altars:
Ashenzari
Cheibriados
Elyvilon
Fedhas
Gozag
Hepliaklqana
Kikubaaqudgha
Makhleb
Nemelex Xobeh
Qazlal
Ru
Sif Muna
Uskayaw
Vehumet
Wu Jian
Xom
Zin

Annotations:
D:4 2 transporters, Antichthon's ghost, amateur SpEn


Message History

The orc priest shouts, "Surrender to Beogh and we'll let you live!"
Josephine hits you with a +1 dagger of venom.
* * * LOW HITPOINT WARNING * * *
You block Josephine's attack.
The orc priest hits you but does no damage.
The wraith hits you but does no damage. The wraith barely misses you.
You slice Josephine!!
You kill Josephine!
You slash the orc priest!
You feel better.
You kill the orc priest!
You slash the wraith!
You destroy the wraith!
You barely miss the wraith.
* * * LOW HITPOINT WARNING * * *
You feel very sick.
You hear a shout!
The wraith hits you but does no damage.
Your life force feels restored.
Your base Crossbows skill increases to level 4!
You hit the wraith.
The wraith is severely damaged.
You completely miss the orc wizard. You hit the wraith but do no damage.
* * * LOW HITPOINT WARNING * * *
You feel very sick. The wraith hits you but does no damage.
The orc wizard hits you with a +0 dagger.
* * * LOW HITPOINT WARNING * * *
The wraith completely misses you.
An orc priest comes into view. It is wielding a +0 club.
You completely miss the wraith.
The wraith is severely damaged.
You closely miss the orc wizard.
The orc priest threatens, "By the altar or by the axe, you will meet Beogh!"
You hit the wraith but do no damage.
* * * LOW HITPOINT WARNING * * *
You feel very sick. The wraith closely misses you.
The orc wizard hits you but does no damage.
The wraith hits you.
You die...

###....# #...
.....#....#####... , ,
.....#............ ,
,***#...[#............
, ,#o...#.####'####..
, ,
,#.o§.#.#.......#..
#§...#.#.......### ,
#WW§§#.#.......... ,
## #@o§.#.#..........
#.*,#§§§.###.#####+##+
,#.###.§......# ,, ,
,#.....§......# ,, ,,
*#####............#,,,
,, , ,
...........§.....# * *
*
....................,,
.....................
,
...................>..
, ,


You could see 2 wraiths, an orc priest and an orc wizard (invisible).

Vanquished Creatures
  Josephine (D:10)
  A centaur warrior (D:8)
  2 two-headed ogres
  Amaemon (D:8)
  Pikel (D:5)
  Joseph (D:9)
  Maggie (D:10)
  4 trolls
  2 hornets
  Prince Ribbit (D:8)
  5 yaks (D:9)
  5 wraiths
  3 wyverns
  2 basilisks
  4 water moccasins
  3 orc warriors
  3 sky beasts (D:7)
  An ice beast (D:5)
  2 black bears
  3 centaurs
  4 kobold brigands
  3 lemures (D:5)
  A gnoll sergeant (D:8)
  2 bullfrogs
  6 scorpions
  A necrophage (D:6)
  2 howler monkeys
  2 gnoll shamans
  2 orc priests
  3 hounds
  A jelly (D:6)
  6 iguanas
  3 orc wizards
  Natasha (twice) (D:4)
  13 gnolls
  8 adders
  3 shadow imps
  A white imp (D:5)
  An ufetubus (D:6)
  3 worms
  4 dart slugs
  32 orcs
  8 bats
  5 endoplasms
  8 giant cockroaches
  6 goblins
  6 hobgoblins
  5 quokkas
  14 ball pythons
  6 frilled lizards
  16 kobolds
  8 rats
231 creatures vanquished.

Vanquished Creatures (collateral kills)
  A black bear (D:4)
  Natasha (D:4)
2 creatures vanquished.

Vanquished Creatures (others)
  A bush (D:9)
  5 fungi (D:9)
  14 plants (D:9)
20 creatures vanquished.

Grand Total: 253 creatures vanquished

Notes
Turn   | Place    | Note
-------+----------+-------------------------------------------
     0 | D:1      | dolemite99 the Hill Orc Fighter began the quest for the
                  | Orb.
     0 | D:1      | Reached XP level 1. HP: 19/19 MP: 1/1
   151 | D:1      | Reached skill level 3 in Axes
   184 | D:1      | Reached XP level 2. HP: 25/26 MP: 2/2
   372 | D:1      | Reached skill level 4 in Axes
   495 | D:1      | Reached XP level 3. HP: 24/31 MP: 3/3
   909 | D:1      | Reached skill level 5 in Axes
   996 | D:1      | Found a faded altar of an unknown god.
  1406 | D:2      | Reached XP level 4. HP: 39/39 MP: 4/4
  1784 | D:2      | Reached skill level 6 in Axes
  2499 | D:3      | Identified the +0 robe of Refuge {rC+}
  2846 | D:4      | You fall into a shaft and drop 1 floor!
  2846 | D:5      | Entered Level 5 of the Dungeon
  2959 | D:5      | Noticed a lemure
  2959 | D:5      | Noticed a lemure
  2959 | D:5      | Noticed a lemure
  2960 | D:5      | Noticed an ice beast
  2971 | D:5      | Killed a lemure
  2973 | D:5      | Killed a lemure
  2985 | D:5      | Killed a lemure
  3190 | D:5      | Reached skill level 7 in Axes
  3190 | D:5      | Reached XP level 5. HP: 40/45 MP: 5/5
  3602 | D:4      | Reached skill level 8 in Axes
  3602 | D:4      | Reached XP level 6. HP: 47/51 MP: 6/6
  3914 | D:4      | Found a transporter.
  3916 | D:4      | Noticed Antichthon's ghost (amateur SpEn)
  3958 | D:4      | Reached skill level 9 in Axes
  4153 | D:4      | Noticed a black bear
  4157 | D:4      | Noticed Natasha
  4174 | D:4      | HP: 2/51 [crimson imp[Natasha] (3)]
  4175 | D:4      | Killed Natasha
  4176 | D:4      | Killed a black bear
  4177 | D:4      | Reached XP level 7. HP: 3/57 MP: 7/7
  4881 | D:4      | Found a transporter.
  5001 | D:4      | Noticed Natasha
  5008 | D:4      | Killed Natasha
  5102 | D:4      | Reached skill level 10 in Axes
  5226 | D:5      | Noticed Pikel
  5236 | D:5      | Killed Pikel
  5237 | D:5      | Reached skill level 12 in Axes
  5237 | D:5      | Reached XP level 8. HP: 49/64 MP: 8/8
  5658 | D:5      | Reached skill level 13 in Axes
  6158 | D:5      | Noticed a troll
  6163 | D:4      | Noticed Natasha
  6168 | D:4      | Killed Natasha
  6547 | D:5      | Reached skill level 14 in Axes
  6823 | D:5      | Killed a troll
  6824 | D:5      | Reached XP level 9. HP: 37/70 MP: 9/9
  6913 | D:5      | Noticed a two-headed ogre
  6977 | D:5      | Killed a two-headed ogre
  6978 | D:5      | Reached skill level 15 in Axes
  7835 | D:6      | Noticed a two-headed ogre
  7846 | D:6      | Killed a two-headed ogre
  7994 | D:6      | Reached XP level 10. HP: 88/88 MP: 10/10
  8086 | D:6      | Found a staircase to the Ecumenical Temple.
  8130 | Temple   | Entered the Ecumenical Temple
  8291 | Temple   | Became a worshipper of Ashenzari the Shackled
  8394 | D:6      | Found the +8 longbow "Zephyr" {speed, Dex+3 SInv}
  8780 | D:7      | Identified the +3 ring mail of Greed {rC++}
  9437 | D:7      | Found a sacrificial altar of Ru.
  9764 | D:7      | Reached skill level 5 in Armour
 10107 | D:8      | Noticed Prince Ribbit
 10114 | D:8      | Killed Prince Ribbit
 10256 | D:8      | Noticed a centaur warrior
 10437 | D:8      | Reached * piety under Ashenzari
 10878 | D:8      | Noticed Amaemon
 10888 | D:8      | Noticed an orange demon
 10889 | D:8      | Killed a centaur warrior
 10902 | D:8      | Killed Amaemon
 10917 | D:8      | Paralysed by a hornet for 3 turns
 11497 | D:9      | Reached XP level 11. HP: 89/97 MP: 11/11
 11552 | D:9      | Reached ** piety under Ashenzari
 11711 | D:9      | Reached skill level 10 in Armour
 11736 | D:9      | Reached skill level 10 in Fighting
 11766 | D:9      | Found a staircase to the Lair.
 11852 | D:9      | Noticed Joseph
 11864 | D:9      | Killed Joseph
 12471 | D:10     | Entered Level 10 of the Dungeon
 12506 | D:10     | Noticed Maggie
 12518 | D:10     | Killed Maggie
 12519 | D:10     | Reached skill level 1 in Crossbows
 12992 | D:10     | Noticed Josephine
 13010 | D:10     | Killed Josephine
 13011 | D:10     | HP: 5/104 [orc wizard/+0 dagger (1)]
 13012 | D:10     | HP: 1/104 [poisoned by Josephine]
 13012 | D:10     | Slain by a wraith

Illustrated notes

Levels and vault maps discovered:
D:1:      dpeg_arrival_round_b, layout_basic, shapermc_ecumenical_altar_ellora,
          minmay_misc_feat_doors, minmay_pentomino_s4
D:2:      layout_basic, kennysheep_generic_room_16
D:3:      layout_loops_cross, serial_rivers, chequers_serial_rivers_micro_d,
          chequers_serial_rivers_small_3, chequers_serial_rivers_micro_b,
          chequers_serial_rivers_marsh, chequers_serial_rivers_small_b,
          chequers_serial_rivers_micro_c
D:4:      layout_basic, gup_sewer_entry_spiral, gammafunk_ghost_mausoleum,
          uniq_natasha
D:5:      layout_cave_pools, amcnicky_mini_pool_small, minmay_manual_moon,
          uniq_pikel
D:6:      layout_loops_ring, minmay_temple_entry_nine_rooms,
          chequers_serial_rivers_micro_e
D:7:      layout_loops_ring, mainiacjoe_overflow_catwalk
D:8:      layout_rooms, grunt_potential, uniq_amaemon, uniq_prince_ribbit1
D:9:      layout_basic, minmay_lair_entry_grove, uniq_joseph
D:10:     layout_irregular_city, uniq_josephine, uniq_maggie
Temple:   mainiacjoe_temple_circle_huts

Skill      XL: |  1  2  3  4  5  6  7  8  9 10 11 |
---------------+----------------------------------+-----
Axes           | 3 4 5 7 8 9 12 14 15 | 15.9
Fighting       | 8 9 10 | 10.5
Shields        | 4 |  4.0
Armour         | 9 10 | 10.7
Crossbows      | 4 |  4.2

Action                   |  1- 3 |  4- 6 |  7- 9 | 10-12 || total
-------------------------+-------+-------+-------+-------++-------
Melee: War axe           |   123 |   126 |   165 |   396 ||   810
       Unarmed           |       |       |     1 |       ||     1
 Fire: Hand crossbow     |       |       |       |     4 ||     4
Throw: Dart              |    15 |    12 |    22 |    66 ||   115
       Stone             |       |    51 |    28 |     2 ||    81
       Javelin           |       |       |       |     2 ||     2
Invok: Curse Item        |       |       |       |     4 ||     4
Evoke: Wand              |       |       |       |     6 ||     6
  Use: Scroll            |       |     5 |     9 |     9 ||    23
       Potion            |       |     1 |     4 |    10 ||    15
 Stab: Invisible         |       |       |       |     3 ||     3
Armor: Scale mail        |    86 |    47 |       |       ||   133
       Chain mail        |       |    32 |    83 |   218 ||   333
Dodge: Dodged            |    72 |    46 |    44 |   134 ||   296
Block: Buckler           |    36 |    33 |    26 |    77 ||   172

Table legend: (Time is in decaauts)
 A = Elapsed time spent in this place.
 B = Non-inter-level travel time spent in this place.
 C = Inter-level travel time spent in this place.
 D = Time resting spent in this place.
 E = Time spent auto-exploring this place.
 F = Levels seen in this place.
 G = Mean time per level.
                   A        B        C        D        E       F      G
               +--------+--------+--------+--------+--------+-----+--------+
         Total |  13056 |  12590 |    466 |   4751 |   5176 |  11 | 1186.9 |
       Dungeon |  12861 |  12427 |    434 |   4751 |   5043 |  10 | 1286.1 |
        Temple |    194 |    162 |     32 |      0 |    133 |   1 |  194.0 |
               +--------+--------+--------+--------+--------+-----+--------+

Top non-repeatable levels by time:
     D:4: 2930 daAuts
     D:5: 2027 daAuts
     D:7: 1613 daAuts
     D:1: 1210 daAuts
     D:9: 1091 daAuts
     D:6: 917 daAuts
     D:2: 877 daAuts
     D:8: 826 daAuts
     D:3: 819 daAuts
    D:10: 547 daAuts
  Temple: 194 daAuts
